Map: Vigília Leste LE

Players

IagoAbreu - Winner!

  • Race: Terran Terran
  • League: Silver
  • Spawn Location: 7:00

LUKAS

  • Race: Zerg Zerg
  • Spawn Location: 1:00

VOD

Have the link to the VOD?

Description

Time

  • Played on: March 9, 2018, 5:05 p.m.
  • Length: 18:13
Show
View Real Time Build Order
Export as new Build Order

IagoAbreu Terran - Winner!

Build Orders:  

Get SALT Encoding   

  12  0:11  Supply Depot  
  12  0:18  SCV  
  13  0:32  SCV  
  13  0:34  Supply Depot  
  14  0:44  SCV  
  14  0:49  Barracks  
  15  1:07  Engineering Bay  
  15  1:08  SCV  
  16  1:22  SCV  
  17  1:31  Refinery  
  17  1:33  Refinery  
  17  1:34  SCV  
  17  1:38  Barracks  
  18  1:43  Marine  
  19  1:54  SCV  
  20  2:04  Marine  
  21  2:13  SCV  
  22  2:18  Terran Infantry Weapons Level 1  
  22  2:29  Marine, Barracks Reactor  
  23  2:40  Orbital Command  
  23  2:47  Marine  
  24  2:52  Factory  
  24  3:06  Barracks Reactor  
  24  3:12  Reaper x2  
  22  3:30  SCV  
  23  3:39  Starport  
  23  3:42  SCV  
  23  3:46  Marine x3  
  23  3:47  Marine  
  28  3:51  Factory Reactor  
  26  4:17  Marine x4  
  26  4:23  Starport  
  30  4:25  Starport Reactor  
  30  4:36  Command Center  
  30  4:41  Marine  
  31  4:53  Marine x3  
  31  4:54  Widow Mine x2  
  31  4:59  Supply Depot  
  38  5:01  Supply Depot  
  38  5:05  Starport Reactor  
  38  5:21  Marine x3  
  38  5:26  Marine  
  42  5:46  Marine  
  42  5:47  Marine x3  
  42  5:49  Refinery  
  30  6:40  Marine x4  
  30  6:45  Liberator x3  
  30  6:46  Liberator  
  30  6:54  Cyclone x2  
  30  6:57  SCV  
  49  7:09  SCV  
  50  7:19  SCV  
  50  7:22  Orbital Command  
  51  7:37  Widow Mine x2  
  55  7:58  Widow Mine x2  
  59  8:03  SCV, Refinery  
  60  8:29  Marine  
  60  8:30  Marine x3  
  60  8:34  Cyclone x2  
  66  9:06  Marine x4  
  54  9:24  Marine x4  
  56  9:42  Marine x4  
  54  9:53  Liberator x2  
  54  9:54  Liberator x2  
  54  9:56  Cyclone x2  
  54  9:59  Marine x2  
  54  10:00  Marine x2  
  52  10:35  Marine x4  
  48  10:44  Cyclone  
  48  10:49  Cyclone  
  29  12:08  Cyclone x2  
  35  12:11  Marine  
  35  12:12  Marine  
  31  12:24  Marine  
  31  12:25  Marine  
  31  12:29  Marine x2  
  31  12:35  SCV  
  33  12:40  Cyclone x2, Viking  
  33  12:42  Marine x2, Viking  
  45  12:47  SCV, Marine x2  
  48  12:51  Viking x2  
  52  12:59  SCV  
  52  13:00  Marine x2  
  52  13:05  Marine x2  
  57  13:14  Armory  
  57  13:22  Marine x2  
  57  13:26  Marine x2  
  61  13:28  Cyclone  
  58  14:01  Marine  
  58  14:02  Marine x3  
  62  14:09  Cyclone  
  51  14:19  Marine x3  
  51  14:20  Marine  
  53  14:36  Hellion  
  55  14:41  Hellion  
  57  14:50  SCV  
  58  15:02  SCV  
  51  15:40  Marine x4  
  55  15:44  Cyclone x2  
  61  15:52  Terran Vehicle Weapons Level 1  
  61  15:58  Marine x4  
  61  16:01  Viking  
  67  16:16  Marine x3  
  70  16:38  Marine, Medivac  
  70  16:39  Marine  
  70  16:40  Marine x2, Medivac  
  66  16:58  Marine  
  48  17:21  Marine x2  
  48  17:22  Marine x2  
  52  17:24  Cyclone x2  
  58  17:39  Marine x3  
  58  17:40  Marine  
Show
View Real Time Build Order
Export as new Build Order

LUKAS Zerg 

Build Orders: Pool First 

Get SALT Encoding   

  12  0:02  Drone  
  13  0:08  Drone  
  14  0:16  Overlord  
  14  0:39  Spawning Pool  
  13  0:50  Drone x3  
  16  1:02  Drone  
  17  1:19  Drone  
  17  1:20  Hatchery  
  17  1:27  Drone  
  17  1:31  Queen  
  20  1:37  Extractor  
  20  1:38  Zergling x2  
  20  1:47  Zergling x2  
  21  1:56  Extractor  
  21  1:57  Zergling x2  
  21  2:16  Drone  
  21  2:21  Overlord  
  22  2:35  Queen  
  24  2:38  Drone  
  24  2:44  Drone x4  
  27  2:47  Drone  
  27  2:49  Drone  
  27  2:50  Hatchery  
  30  2:55  Drone  
  30  2:56  Drone  
  32  3:05  Zergling x2  
  32  3:06  Zergling x2  
  34  3:22  Roach Warren  
  34  3:25  Zergling x6  
  34  3:27  Overlord x2  
  36  3:50  Drone x7  
  43  4:20  Drone x2  
  43  4:21  Drone x6  
  43  4:22  Drone x4  
  55  4:37  Extractor  
  54  4:41  Extractor  
  53  4:54  Lair  
  53  4:55  Lair  
  53  5:02  Drone x3  
  53  5:03  Drone x2  
  53  5:04  Overlord x3  
  53  5:05  Overlord x5  
  58  5:12  Extractor  
  57  5:15  Extractor  
  56  5:24  Roach x3  
  56  5:25  Roach x2  
  66  5:32  Lair  
  66  5:38  Roach x2  
  66  5:39  Roach x2  
  74  5:49  Metabolic Boost  
  74  5:56  Zergling x12  
  74  5:57  Zergling x2  
  76  6:25  Zergling x4  
  74  6:26  Zergling x14  
  74  6:27  Zergling x6  
  77  6:38  Zergling x6  
  77  6:49  Overseer  
  77  6:50  Overseer  
  77  6:52  Overseer x2  
  77  6:55  Burrow  
  77  6:56  Queen  
  77  7:00  Drone x2  
  77  7:01  Drone x4  
  85  7:19  Evolution Chamber  
  85  7:20  Evolution Chamber  
  85  7:22  Evolution Chamber  
  82  7:26  Roach  
  82  7:27  Roach x5  
  82  7:29  Baneling Nest  
  93  7:31  Hydralisk Den  
  92  7:41  Pneumatized Carapace  
  92  7:43  Roach x3  
  92  7:44  Roach x3  
  104  7:54  Spire  
  104  7:57  Spire  
  102  8:09  Infestation Pit  
  101  8:16  Drone x5  
  106  8:23  Roach  
  106  8:24  Roach x2  
  106  8:25  Overlord  
  106  8:26  Overlord x3  
  88  8:53  Hydralisk x2  
  88  8:54  Hydralisk x7  
  88  8:55  Hydralisk  
  81  9:28  Overseer x2  
  81  9:35  Spore Crawler  
  81  9:37  Spore Crawler  
  79  9:39  Spore Crawler  
  79  9:40  Spore Crawler  
  79  9:41  Spore Crawler  
  62  10:04  Zergling x2  
  62  10:05  Zergling x30  
  70  10:14  Queen  
  60  10:31  Spine Crawler x2  
  60  10:34  Spine Crawler  
  60  10:35  Spine Crawler  
  55  10:43  Drone x9  
  64  10:59  Drone x6  
  69  11:33  Hydralisk  
  69  11:36  Mutalisk x2, Corruptor x3  
  69  11:37  Mutalisk  
  66  12:31  Drone  
  66  12:32  Drone x7  
  74  12:49  Hatchery  
  73  12:54  Hatchery  
  72  13:00  Corruptor x3  
  72  13:05  Hatchery  
  71  13:32  Spine Crawler x2  
  71  13:34  Roach x6, Spine Crawler  
  71  13:35  Roach x6  
  71  13:38  Hive  
  78  13:56  Zergling x6  
  78  13:59  Zergling x6  
  59  14:10  Zergling x6  
  55  14:18  Zergling x2  
  55  14:19  Zergling x4  
  53  14:25  Spine Crawler  
  53  14:26  Spine Crawler  
  29  14:42  Spine Crawler x2  
  29  14:43  Spine Crawler x2  
  29  14:44  Spine Crawler  
  29  14:45  Spine Crawler  
  20  15:04  Roach x7  
  33  15:28  Lair  
  31  15:32  Drone x3  
  31  15:33  Drone  
  34  15:55  Drone x5  
  39  16:09  Drone x2  
  41  16:16  Drone  
  42  16:33  Drone  
  42  16:34  Drone x4  
  36  16:55  Zergling x2  
  36  16:56  Zergling x10  
  36  16:57  Zergling x8  
  46  17:14  Zergling x14  
  46  17:15  Zergling x2  
  54  17:29  Drone x5  
  60  17:30  Drone x3  
  62  17:51  Roach Warren  
  62  17:56  Spine Crawler x2  
  59  18:00  Spine Crawler x2  
Tags
 
Add a new tag
Caveats
  • Supply blocks, unpowered buildings, or Contaminate may cause inaccurate times.
  • Supply counts are checked every 10 seconds.